 Dungeon Crawl Stone Soup version 0.18.1-48-g4cf74bf (webtiles) character file.

1085 Gargoyl the Covered (level 8, -6/62 HPs)
             Began as a Demonspawn Abyssal Knight on Aug 29, 2016.
             Was a Priest of Lugonu.
             Mangled by an ice beast (13 damage)
             ... on level 6 of the Dungeon.
             The game lasted 00:11:42 (6818 turns).

Gargoyl the Covered (Demonspawn Abyssal Knight)     Turns: 6818, Time: 00:11:42

Health: -6/62      AC: 12    Str: 22    XL:     8   Next: 9%
Magic:  9/9        EV: 14    Int: 13    God:    Lugonu [***...]
Gold:   161        SH:  0    Dex: 17    Spells: 0 memorised, 7 levels left

rFire  . . .     SeeInvis +     a - +2 hand axe
rCold  . . .     Gourm    .     x - +0 chain mail
rNeg   . . .     Faith    .     p - +0 buckler
rPois  .         Spirit   .     u - +0 helmet
rElec  .         Dismiss  .     (no cloak)
rCorr  .         Reflect  .     (no gloves)
SustAt .         Harm     .     (no boots)
MR     .....                    (no amulet)
Stlth  ..........               v - ring of see invisible
                                f - +6 ring of strength

@: confused, agile, not resistant to hostile enchantments, extremely unstealthy
A: hooves 1, molten scales 1, powered by pain 2
a: Depart the Abyss, Bend Space, Banish, Renounce Religion


You were on level 6 of the Dungeon.
You worshipped Lugonu.
Lugonu was most pleased with you.
You were not hungry.

You visited 1 branch of the dungeon, and saw 6 of its levels.
You visited the Abyss 1 time.

You collected 161 gold pieces.

Inventory:

Hand Weapons
 a - a +2 hand axe (weapon)
Missiles
 t - 9 tomahawks (quivered)
Armour
 p - a +0 buckler (worn)
 u - a +0 helmet (worn)
 x - a +0 chain mail (worn)
Jewellery
 f - a +6 ring of strength (left hand)
 v - a ring of see invisible (right hand)
 w - an uncursed ring of fire
 B - a +6 amulet of reflection {unknown}
Scrolls
 d - a scroll of enchant weapon
 e - 2 scrolls of identify
 g - 2 scrolls of remove curse
 j - 2 scrolls of teleportation
 k - 2 scrolls of fog
 l - a scroll of blinking {unknown}
 q - a scroll of random uselessness {unknown}
 y - a scroll of recharging {unknown}
Potions
 b - a potion of magic {unknown}
 i - a potion of might {unknown}
 m - a potion of heal wounds {unknown}
 n - a potion of cancellation {unknown}
 o - a potion of agility
 s - a potion of ambrosia
Comestibles
 c - 2 bread rations
 h - 4 fruits
 r - 5 meat rations
 z - a royal jelly
 A - a beef jerky
 C - a chunk of flesh


   Skills:
 + Level 5.0 Fighting
 + Level 4.1 Axes
 + Level 0.1 Throwing
 * Level 6.3 Armour
 + Level 2.4 Dodging
 + Level 1.3 Shields
 + Level 2.4 Invocations


You had 7 spell levels left.
You didn't know any spells.

Dungeon Overview and Level Annotations

Branches:
Dungeon (6/15)
 Temple: D:4-7

Altars:
Cheibriados
Dithmenos
Gozag
Kikubaaqudgha
Makhleb
Pakellas
Qazlal
Xom
Zin

Shops:
D:5 *


Innate Abilities, Weirdness & Mutations

You have large cloven feet.
You are partially covered in molten scales (AC +1).
You sometimes gain power by taking damage.


Message History

You feel agile all of a sudden.
The centaur hits you but does no damage.
The ice beast hits you.
* * * LOW HITPOINT WARNING * * *
The ice beast freezes you!
* * * LOW HITPOINT WARNING * * *
The centaur hits you but does no damage.
A hound comes into view.
Drink which item? (? for menu, Esc to quit)
It was a potion of ambrosia.
You are confused.
You feel invigorated. The centaur hits you.
* * * LOW HITPOINT WARNING * * *
The ice beast hits you but does no damage.
You're too confused to move!
The centaur hits you but does no damage.
The hound barely misses you. The ice beast hits you.
* * * LOW HITPOINT WARNING * * *
The ice beast freezes you!
You die...

#. #.# .. ###
#.####.### .. ..#
#.##.....## .... #.#
.#.#.......#....# #.##
..#......c#....# ...##
#....._.@Y...# ....##
#.#......h#..# .....##
#.#....(..# #
......###.##...(.##
..........####.####..
....#####....(........
...## ###.........##
#.## #.###.##.... ....
#.# .# .##


You could see an ice beast, a centaur and a hound.

Vanquished Creatures
  Menkaure (D:4)
  An ice beast (D:5)
  A necrophage (D:3)
  An ogre (D:5)
  A scorpion (D:5)
  A crimson imp (D:5)
  A jelly (D:5)
  A giant frog skeleton (D:5)
  A hound (D:5)
  An orc priest (D:3)
  2 orc wizards
  Jessica (D:2)
  2 iguanas (D:5)
  3 worker ants
  A hound zombie (D:5)
  Robin (D:3)
  12 adders
  4 oozes
  7 dart slugs
  5 giant geckos
  23 orcs
  5 giant cockroaches
  18 goblins
  8 hobgoblins
  6 quokkas
  6 bats
  A giant newt (D:3)
  A jackal skeleton (D:5)
  7 kobolds
  A quokka skeleton (D:4)
  6 rats
130 creatures vanquished.

Vanquished Creatures (others)
  2 worker ants (D:5)
  An adder (D:5)
  A worm (D:5)
4 creatures vanquished.

Grand Total: 134 creatures vanquished

Notes
Turn   | Place    | Note
--------------------------------------------------------------
     0 | Abyss:1  | Gargoyl the Demonspawn Abyssal Knight began the quest for the Orb.
     0 | Abyss:1  | Reached XP level 1. HP: 18/18 MP: 2/2
   100 | Abyss:1  | Noticed a ynoxinul
   121 | D:1      | Escaped the Abyss
   409 | D:1      | Reached skill level 2 in Armour
   701 | D:1      | Gained mutation: You have large cloven feet. [demonic ancestry]
   701 | D:1      | Reached XP level 2. HP: 24/24 MP: 3/3
   733 | D:1      | Reached skill level 1 in Dodging
   844 | D:1      | Reached * piety under Lugonu
  1372 | D:2      | Reached XP level 3. HP: 27/29 MP: 4/4
  1537 | D:2      | Found a shadowy altar of Dithmenos.
  1731 | D:2      | Found a snail-covered altar of Cheibriados.
  1829 | D:2      | Noticed Jessica
  1840 | D:2      | Killed Jessica
  1840 | D:2      | Gained mutation: You sometimes gain a little power by taking damage. [demonic ancestry]
  1840 | D:2      | Reached XP level 4. HP: 32/37 MP: 5/5
  1848 | D:2      | Found a stormy altar of Qazlal.
  1885 | D:2      | Reached skill level 3 in Armour
  2432 | D:2      | Reached ** piety under Lugonu
  2690 | D:3      | Reached XP level 5. HP: 39/42 MP: 6/6
  2798 | D:3      | Noticed Robin
  2804 | D:3      | Killed Robin
  3259 | D:3      | Reached skill level 4 in Armour
  3530 | D:3      | Identified a +0 rod of inaccuracy (10/10) (You took it off an orc on level 3 of the Dungeon)
  3913 | D:3      | Found a glowing silver altar of Zin.
  3947 | D:3      | Reached *** piety under Lugonu
  3954 | D:3      | Gained mutation: You sometimes gain power by taking damage. [demonic ancestry]
  3954 | D:3      | Reached XP level 6. HP: 35/48 MP: 7/7
  4343 | D:3      | You fall through a shaft!
  4766 | D:4      | Noticed Menkaure
  4777 | D:4      | Killed Menkaure
  4777 | D:4      | Reached skill level 5 in Armour
  4777 | D:4      | Reached XP level 7. HP: 16/55 MP: 8/8
  5021 | D:4      | Found an oddly glowing altar of Pakellas.
  5541 | D:5      | Entered Level 5 of the Dungeon
  5587 | D:5      | Found an opulent altar of Gozag.
  5751 | D:5      | Found Qimots's General Store.
  5755 | D:5      | Found a shimmering altar of Xom.
  6041 | D:5      | Reached skill level 6 in Armour
  6152 | D:5      | Found a burning altar of Makhleb.
  6339 | D:5      | Reached skill level 5 in Fighting
  6416 | D:5      | Reached skill level 1 in Shields
  6416 | D:5      | Gained mutation: You are partially covered in molten scales (AC +1). [demonic ancestry]
  6416 | D:5      | Reached XP level 8. HP: 58/62 MP: 9/9
  6798 | D:6      | Found an ancient bone altar of Kikubaaqudgha.
  6816 | D:6      | HP: 1/62 [ice beast (10)]
  6818 | D:6      | Mangled by an ice beast

Skill      XL: |  1  2  3  4  5  6  7 |
---------------+----------------------+-----
Armour         | 2 3 4 5 6 |  6.3
Dodging        | 1 2 |  2.4
Axes           | 2 3 4 |  4.1
Fighting       | 4 5 |  5.0
Shields        | 1 |  1.3
Throwing       | |  0.1
Invocations    | |  2.4

Action                   |  1- 3 |  4- 6 |  7- 9 || total
-------------------------+-------+-------+-------++-------
Melee: Hand axe          |    99 |   265 |   183 ||   547
       Kick              |    24 |    88 |    62 ||   174
Throw: Tomahawk          |       |     2 |     5 ||     7
Invok: Depart the Abyss  |     1 |       |       ||     1
       Banish            |       |       |     2 ||     2
  Use: Scroll            |       |     9 |       ||     9
       Potion            |       |     3 |     2 ||     5
  Eat: Chunk             |     3 |    10 |     7 ||    20
Armor: Leather armour    |    15 |       |       ||    15
       Ring mail         |    15 |    67 |       ||    82
       Chain mail        |       |    60 |   113 ||   173
Dodge: Dodged            |    75 |   175 |    97 ||   347
Block: Buckler           |       |     4 |    32 ||    36
